Map: Ruins of Endion

Players

Miszu - Winner!

  • Race: Terran Terran
  • League: Master

EnDeR

  • Race: Terran Terran
  • League: Master

VOD

Have the link to the VOD?

Description

Time

  • Played on: April 18, 2016, 10:06 a.m.
  • Length: 9:36
Show
View Real Time Build Order
Export as new Build Order

Miszu Terran - Winner!

Build Orders: 1/1/1, MMM Bio 

Get SALT Encoding   

  12  0:02  SCV  
  13  0:14  SCV  
  14  0:18  Supply Depot  
  14  0:26  SCV  
  15  0:40  Barracks, SCV  
  16  0:44  Refinery  
  16  0:52  SCV  
  17  0:59  Refinery  
  18  1:04  SCV  
  18  1:16  SCV  
  19  1:29  Marine, Orbital Command  
  20  1:35  Factory  
  20  1:46  Supply Depot  
  20  1:49  Marine  
  21  1:55  SCV  
  22  2:07  Marine, SCV  
  24  2:19  Starport, SCV  
  24  2:22  Factory Tech Lab  
  25  2:28  Marine  
  26  2:31  SCV  
  26  2:35  Supply Depot  
  27  2:43  SCV  
  28  2:45  Marine  
  29  2:57  Hellion  
  29  2:58  SCV  
  32  3:03  Raven  
  34  3:07  Marine  
  34  3:12  SCV  
  36  3:18  Hellion  
  38  3:28  SCV  
  39  3:43  Barracks Reactor, Command Center  
  39  3:49  Factory Tech Lab  
  39  3:51  Supply Depot  
  39  4:04  Viking, SCV  
  39  4:07  Siege Tank  
  43  4:19  SCV  
  43  4:20  Marine x2  
  46  4:31  SCV  
  42  4:39  Siege Tank  
  42  4:42  Medivac  
  42  4:44  SCV  
  42  4:45  Marine x2  
  50  4:55  Orbital Command  
  50  4:57  SCV  
  51  5:03  Marine  
  52  5:09  SCV  
  52  5:12  Medivac  
  55  5:21  SCV  
  56  5:22  Barracks  
  56  5:25  Barracks  
  56  5:26  SCV  
  57  5:33  SCV  
  58  5:37  Supply Depot  
  58  5:38  SCV  
  59  5:45  SCV  
  58  5:51  SCV  
  59  5:58  SCV  
  59  6:03  SCV  
  57  6:16  Marine x2  
  60  6:18  SCV x2  
  60  6:20  Barracks Tech Lab x2  
  60  6:23  Command Center  
  60  6:24  Engineering Bay  
  61  6:26  Refinery x2  
  61  6:30  SCV  
  62  6:33  SCV  
  62  6:34  Marine x2  
  62  6:35  Engineering Bay  
  62  6:36  Starport Reactor, Siege Tank  
  68  6:41  Marine x2  
  68  6:42  SCV  
  68  6:44  Stimpack  
  71  6:52  Marine x2  
  73  6:59  Marine x2  
  72  7:06  SCV  
  72  7:07  SCV  
  64  7:08  Combat Shields  
  64  7:10  Marine x2  
  64  7:15  Terran Infantry Weapons Level 1, Terran Infantry Armor Level 1, Siege Tank  
  66  7:17  Marine x2  
  66  7:19  SCV  
  66  7:21  SCV  
  73  7:27  Marine  
  73  7:28  Marine  
  75  7:31  Supply Depot, SCV  
  75  7:34  SCV  
  75  7:35  Marine x2  
  79  7:38  Barracks  
  79  7:40  Barracks  
  79  7:42  Orbital Command  
  79  7:45  Marine  
  79  7:48  Medivac  
  79  7:50  Siege Tank  
  85  7:53  Medivac  
  87  7:59  Supply Depot  
  87  8:02  Supply Depot, SCV x2  
  87  8:03  Marine  
  90  8:10  Orbital Command  
  90  8:14  SCV x2  
  90  8:17  Marine x3  
  95  8:20  Armory  
  95  8:21  Marine  
  95  8:24  Siege Tank  
  95  8:26  SCV x2  
  101  8:28  Medivac  
  101  8:31  Barracks Reactor  
  103  8:35  Marine  
  103  8:36  Barracks Reactor  
  103  8:37  Sensor Tower  
  104  8:45  Marine x2  
  104  8:47  SCV  
  104  8:48  SCV x2  
  109  8:50  Marine  
  109  8:53  Supply Depot, Marine  
  111  8:56  Supply Depot  
  111  9:00  SCV x2  
  111  9:01  SCV  
  114  9:03  Marine x2  
  114  9:07  Marine  
  117  9:15  SCV  
Show
View Real Time Build Order
Export as new Build Order

EnDeR Terran 

Build Orders: 1/1/1, Banshee Rush 

Get SALT Encoding   

  12  0:01  SCV  
  13  0:13  SCV  
  14  0:18  Supply Depot  
  14  0:25  SCV  
  15  0:30  Refinery  
  15  0:39  SCV  
  16  0:46  Barracks  
  16  0:52  SCV  
  17  0:59  Refinery  
  17  1:04  SCV  
  18  1:16  SCV  
  19  1:33  Orbital Command  
  19  1:34  Reaper  
  19  1:38  Factory  
  20  1:48  Supply Depot  
  20  2:00  SCV  
  21  2:06  Reaper  
  22  2:12  SCV  
  23  2:23  Starport, Hellion  
  23  2:26  SCV  
  26  2:38  Reaper  
  26  2:41  SCV  
  28  2:46  Supply Depot  
  28  2:51  Factory Tech Lab  
  28  2:53  SCV  
  29  3:08  SCV  
  29  3:10  Reaper  
  31  3:17  Cloaking Field, Banshee  
  31  3:18  Factory Tech Lab  
  34  3:21  Supply Depot  
  33  3:35  SCV  
  33  3:37  Siege Tank  
  37  3:42  Engineering Bay  
  37  3:46  Barracks Reactor  
  37  3:47  SCV  
  38  3:54  Supply Depot  
  38  3:59  SCV  
  38  4:01  Viking  
  41  4:18  SCV  
  41  4:21  Missile Turret  
  41  4:23  Cyclone  
  41  4:24  Marine x2  
  47  4:41  Banshee  
  48  4:50  Command Center  
  47  4:54  SCV  
  47  4:56  Marine  
  47  4:57  Marine  
  53  5:07  Siege Tank  
  53  5:13  Supply Depot  
  53  5:14  Marine  
  53  5:15  Marine  
  55  5:34  Marine, SCV  
  57  5:48  Marine, Siege Tank  
  57  5:49  Viking  
  59  6:01  SCV  
  59  6:03  Marine  
  48  6:11  Marine  
  48  6:14  Orbital Command  
  48  6:18  Barracks x2  
  49  6:22  Marine  
  49  6:23  Siege Tank  
  53  6:26  Medivac  
  53  6:32  Marine  
  56  6:37  SCV  
  56  6:39  Refinery  
  51  6:49  SCV  
  51  6:52  Marine x2  
  44  7:12  Barracks  
  44  7:13  SCV x2  
  46  7:17  Marine x2  
  46  7:18  Siege Tank  
  51  7:24  Refinery  
  51  7:25  SCV x2  
  51  7:29  Starport Reactor  
  53  7:32  Barracks Tech Lab  
  53  7:37  Marine x2, SCV x2  
  57  7:46  Command Center  
  57  7:49  SCV  
  58  7:58  Marine, Missile Turret  
  58  8:00  Barracks Tech Lab  
  58  8:02  SCV  
  58  8:03  SCV  
  61  8:14  Viking x2  
  61  8:17  Marine x2  
  67  8:22  SCV x2  
  67  8:25  Supply Depot, Marine  
  70  8:36  Missile Turret  
  70  8:38  SCV  
  70  8:39  SCV  
  72  8:44  Marine  
  73  8:50  SCV  
  73  8:52  Siege Tank  
  77  8:58  Missile Turret  
  77  9:04  SCV x2  
  77  9:08  Orbital Command  
  79  9:11  Marine  
  79  9:12  Marine  
Tags
 
Composition
MMM Bio
Matchup
TvT
Opening
1/1/11/1/1
Race
Terran
Strategy
Banshee Rush
Add a new tag
Caveats
  • Supply blocks, unpowered buildings, or Contaminate may cause inaccurate times.
  • Supply counts are checked every 10 seconds.